Map: Old Estate

Players

Beastyqt - Winner!

  • Race: Protoss Protoss
  • League: Grandmaster
  • Spawn Location: 7:00

TurkeyDano - Winner!

  • Race: Protoss Protoss
  • League: Master
  • Spawn Location: 7:00

printf - Winner!

  • Race: Protoss Protoss
  • Spawn Location: 7:00

llllllllllll - Winner!

  • Race: Protoss Protoss
  • League: Master
  • Spawn Location: 9:00

Riki

  • Race: Zerg Zerg
  • Spawn Location: 3:00

Cedricator

  • Race: Zerg Zerg
  • Spawn Location: 1:00

trayan

  • Race: Terran Terran
  • Spawn Location: 3:00

Fumannschuh

  • Race: Zerg Zerg
  • Spawn Location: 1:00

VOD

Have the link to the VOD?

Description

Time

  • Played on: Jan. 13, 2019, 3:57 p.m.
  • Length: 10:19
Show
View Real Time Build Order
Export as new Build Order

Beastyqt Protoss - Winner!

Build Orders: 1 Gate Expand 

Get SALT Encoding   

  12  0:00  Probe  
  13  0:12  Probe  
  14  0:19  Pylon  
  14  0:24  Probe  
  15  0:37  Probe  
  15  0:40  Gateway  
  16  0:49  Probe  
  17  0:56  Gateway  
  17  1:25  Nexus  
  17  1:33  Pylon  
  17  1:35  Zealot  
  17  1:40  Zealot  
  21  1:58  Zealot  
  21  2:06  Zealot  
  25  2:18  Pylon  
  25  2:19  Probe  
  26  2:25  Zealot  
  28  2:33  Zealot  
  30  2:53  Zealot  
  32  3:00  Zealot  
  34  3:09  Probe  
  35  3:21  Probe, Zealot  
  36  3:30  Zealot  
  40  3:37  Gateway  
  40  3:38  Gateway  
  40  3:40  Gateway  
  40  3:46  Pylon  
  40  3:50  Pylon  
  40  3:58  Zealot x2  
  41  4:25  Zealot  
  41  4:26  Zealot x3  
  41  4:27  Zealot  
  51  4:52  Zealot  
  53  4:53  Zealot  
  53  4:55  Zealot x2  
  53  4:57  Zealot  
  61  5:12  Zealot  
  59  5:20  Zealot  
  61  5:26  Pylon  
  61  5:32  Pylon  
  61  5:44  Zealot x2  
  65  5:51  Zealot  
  65  5:52  Zealot  
  69  6:01  Zealot  
  70  6:11  Zealot  
  63  6:19  Zealot x2  
  61  6:27  Zealot  
  59  6:36  Zealot  
  59  6:46  Zealot  
  59  6:47  Zealot  
  57  6:54  Zealot  
  59  7:03  Zealot  
  51  7:13  Zealot  
  49  7:16  Zealot  
  49  7:22  Zealot  
  49  7:30  Zealot  
  51  7:41  Zealot  
  51  7:43  Zealot  
  53  7:49  Zealot  
  51  7:57  Zealot  
  53  8:08  Zealot  
  55  8:15  Zealot  
  55  8:17  Zealot  
  59  8:28  Zealot  
  59  8:35  Zealot  
  61  8:43  Zealot  
  61  8:44  Zealot  
  65  8:55  Zealot  
  67  9:02  Zealot  
  69  9:10  Zealot  
  71  9:33  Zealot x2  
Show
View Real Time Build Order
Export as new Build Order

TurkeyDano Protoss - Winner!

Build Orders:  

Get SALT Encoding   

  12  0:00  Probe  
  13  0:13  Probe  
  14  0:21  Pylon  
  14  0:25  Probe  
  15  0:36  Probe  
  16  0:44  Probe  
  17  0:54  Forge  
  17  0:55  Probe  
  18  1:07  Probe  
  18  1:09  Pylon  
  19  1:19  Probe  
  19  1:24  Gateway  
  20  1:34  Photon Cannon  
  20  1:35  Pylon  
  20  1:53  Photon Cannon  
  20  1:55  Pylon  
  20  1:57  Probe  
  21  2:12  Photon Cannon  
  21  2:14  Photon Cannon  
  21  2:16  Photon Cannon  
  21  2:20  Probe  
  21  2:22  Assimilator  
  22  2:30  Pylon  
  22  2:36  Photon Cannon  
  23  2:44  Probe  
  23  2:51  Cybernetics Core  
  23  2:56  Probe  
  23  2:58  Assimilator  
  24  3:06  Photon Cannon  
  24  3:14  Photon Cannon  
  24  3:25  Photon Cannon  
  24  3:34  Stargate  
  24  4:11  Nexus  
  24  4:26  Fleet Beacon  
  24  4:35  Pylon  
  24  4:38  Photon Cannon  
  24  4:59  Nexus  
  24  5:11  Tempest  
  24  5:14  Probe  
  25  5:26  Probe  
  31  5:53  Mothership  
  31  5:56  Pylon  
  31  6:09  Pylon  
  31  6:15  Pylon  
  39  6:19  Probe x2  
  39  6:22  Assimilator  
  39  6:23  Assimilator  
  41  6:27  Tempest  
  47  6:47  Probe x2  
  48  6:59  Probe x2  
  50  7:03  Photon Cannon  
  50  7:11  Probe x2  
  52  7:23  Probe  
  53  7:33  Tempest  
  53  7:37  Probe x2  
  60  7:46  Stargate  
  60  7:49  Probe  
  61  7:52  Stargate  
  61  8:02  Probe x2, Tempest  
  68  8:28  Probe  
  68  8:29  Probe  
  75  8:34  Pylon  
  75  8:36  Pylon  
  85  9:05  Tempest  
  85  9:13  Probe x2  
  85  9:15  Tempest  
  87  9:21  Tempest  
  87  9:25  Pylon  
  87  9:32  Pylon  
  87  9:33  Pylon  
  97  10:02  Probe x3  
  97  10:05  Pylon  
  100  10:07  Pylon  
  100  10:08  Pylon  
Show
View Real Time Build Order
Export as new Build Order

printf Protoss - Winner!

Build Orders:  

Get SALT Encoding   

  1  0:00  Probe  
  12  0:05  Probe  
  14  0:15  Probe  
  15  0:21  Pylon  
  15  0:28  Assimilator  
  16  0:50  Probe  
  16  0:58  Probe  
  17  1:26  Probe  
  18  1:52  Probe  
  19  2:05  Probe  
  19  2:18  Probe  
  20  2:42  Probe  
  21  2:52  Probe  
  21  3:00  Probe  
  22  3:16  Probe  
  23  3:24  Gateway  
  23  3:36  Pylon  
  23  3:38  Probe  
  23  3:55  Probe  
  24  4:07  Probe  
  24  4:09  Assimilator  
  23  4:19  Probe  
  24  4:27  Cybernetics Core  
  24  4:29  Assimilator  
  24  4:31  Probe  
  24  4:43  Probe  
  25  4:48  Warp Gate  
  25  4:55  Probe  
  26  5:02  Pylon  
  26  5:12  Probe  
  27  5:18  Robotics Facility  
  27  5:21  Stalker  
  29  5:34  Pylon  
  29  5:37  Pylon  
  29  5:38  Pylon  
  29  5:51  Gateway x2  
  29  5:52  Stalker  
  29  5:54  Warp Prism  
  31  6:10  Gateway  
  33  6:33  Pylon  
  33  6:35  Pylon  
  33  6:51  Stalker  
  33  6:52  Stalker x2  
  39  7:07  Pylon  
  39  7:17  Stalker x3  
  39  7:18  Stalker  
  47  7:41  Stalker x3  
  47  7:42  Stalker  
  55  8:10  Stalker x4  
  63  8:24  Pylon  
  63  8:27  Pylon  
  63  8:51  Stalker x3  
  63  8:52  Stalker  
  71  9:20  Stalker x3  
  71  9:21  Stalker  
  79  10:10  Pylon  
  79  10:12  Pylon  
  79  10:14  Pylon  
  79  10:16  Pylon  
Show
View Real Time Build Order
Export as new Build Order

llllllllllll Protoss - Winner!

Build Orders: 1 Gate Expand 

Get SALT Encoding   

  12  0:01  Probe  
  13  0:13  Probe  
  14  0:25  Probe  
  14  0:26  Pylon  
  15  0:44  Probe  
  16  0:56  Gateway x2  
  16  1:03  Probe  
  17  1:15  Probe  
  18  1:41  Nexus  
  18  1:46  Pylon  
  17  1:52  Zealot x2  
  21  2:12  Zealot x2  
  25  2:32  Zealot  
  25  2:33  Pylon  
  25  2:37  Zealot  
  25  2:43  Cybernetics Core  
  29  3:20  Pylon  
  29  3:27  Zealot x2  
  29  3:33  Shield Battery  
  33  3:35  Shield Battery  
  33  3:37  Shield Battery  
  33  3:46  Shield Battery  
  33  3:53  Shield Battery  
  33  4:07  Shield Battery  
  31  4:22  Zealot x2  
  29  4:27  Shield Battery  
  29  4:30  Pylon  
  33  4:38  Shield Battery  
  33  4:45  Probe  
  33  4:47  Zealot x2  
  37  5:09  Shield Battery  
  37  5:26  Probe  
  38  6:08  Probe  
  39  6:12  Shield Battery  
  39  6:13  Shield Battery  
  39  6:17  Zealot  
  39  6:18  Zealot  
  41  6:20  Probe  
  30  6:43  Shield Battery  
  30  6:44  Zealot x2  
  32  7:01  Probe  
  33  7:02  Zealot x2  
  32  7:13  Probe  
  37  7:25  Probe  
  37  7:29  Zealot x2  
  42  7:37  Probe  
  43  7:46  Pylon  
  43  7:49  Probe  
  43  7:51  Pylon  
  44  7:56  Zealot x2  
  48  8:01  Probe  
  49  8:23  Zealot x2  
  53  8:50  Zealot x2  
  53  8:54  Probe  
  58  9:06  Probe  
  53  9:17  Zealot x2  
  53  9:18  Probe  
  52  9:44  Zealot x2  
  52  9:45  Probe  
  57  9:57  Probe  
Show
View Real Time Build Order
Export as new Build Order

Riki Zerg 

Build Orders: Hatch First 

Get SALT Encoding   

  13  0:07  Drone  
  13  0:16  Drone  
  13  0:19  Overlord  
  14  0:39  Drone x3  
  17  0:51  Drone  
  18  1:03  Drone  
  19  1:04  Hatchery  
  19  1:10  Extractor  
  17  1:12  Drone  
  18  1:26  Drone  
  19  1:37  Spawning Pool  
  11  2:31  Zergling x6  
  11  2:35  Zergling x4  
  16  3:03  Spine Crawler  
  15  3:06  Drone x3  
  15  3:09  Drone x3  
  15  3:11  Queen  
  23  3:31  Metabolic Boost  
  23  3:32  Spine Crawler  
  22  3:46  Queen  
  24  3:57  Spine Crawler  
  7  4:11  Zergling x6  
  9  4:39  Drone  
  8  5:05  Drone  
  5  6:18  Drone x3  
  8  7:15  Drone x3  
  8  7:30  Spore Crawler  
  8  7:32  Drone  
Show
View Real Time Build Order
Export as new Build Order

Cedricator Zerg 

Build Orders: Hatch First 

Get SALT Encoding   

  12  0:07  Drone  
  13  0:17  Drone  
  14  0:27  Overlord  
  14  0:51  Drone x2  
  14  0:55  Hatchery  
  15  1:02  Drone  
  15  1:03  Drone  
  17  1:14  Drone  
  18  1:25  Drone  
  19  1:33  Spawning Pool  
  19  1:35  Extractor  
  17  2:18  Drone  
  17  2:19  Drone x4  
  22  2:24  Spine Crawler  
  22  2:25  Queen  
  22  2:28  Queen  
  25  2:43  Drone x3  
  28  2:50  Extractor  
  27  2:56  Roach Warren  
  26  3:12  Queen  
  26  3:13  Spine Crawler  
  27  3:22  Drone  
  27  3:23  Overlord x2  
  28  3:52  Roach x6  
  40  4:24  Lair  
  40  4:30  Ravager x2  
  42  4:45  Drone x2  
  44  4:51  Overlord x3  
  44  5:29  Ravager x4  
  44  5:32  Roach x3  
  44  5:34  Overlord x5  
  54  5:44  Drone x5  
  59  6:05  Roach x2  
  59  6:06  Roach x2  
  38  6:54  Roach  
  38  6:55  Roach x7  
  38  6:56  Roach x2  
  55  7:20  Hatchery  
  47  7:44  Drone x2  
Show
View Real Time Build Order
Export as new Build Order

trayan Terran 

Build Orders: Command Center First (CC) 

Get SALT Encoding   

  12  0:04  SCV  
  13  0:16  SCV  
  14  0:28  SCV  
  15  0:29  Supply Depot  
  15  0:51  SCV  
  16  1:04  Command Center  
  16  1:11  Barracks  
  16  1:14  SCV  
  17  1:26  SCV  
  18  1:38  SCV, Refinery  
  19  1:57  Barracks  
  19  2:06  Bunker  
  19  2:10  Orbital Command  
  18  2:23  Marine  
  18  2:26  Barracks  
  18  2:44  SCV  
  17  2:56  SCV  
  9  2:58  Marine  
  5  3:14  Marine  
  5  3:16  Marine  
  7  3:22  Bunker  
  7  3:46  Marine  
  8  4:19  Marine  
  8  4:20  SCV  
  10  4:32  SCV  
  10  4:44  SCV  
  11  4:47  Bunker  
  11  4:52  Marine  
  12  5:19  SCV  
  13  5:24  Bunker  
  13  5:31  SCV  
  14  5:43  SCV  
  14  5:46  Engineering Bay  
  15  5:55  SCV  
  16  6:01  Marine  
  17  6:15  Missile Turret  
  15  6:42  Marine  
  15  6:43  Marine  
  17  7:00  Marine  
  18  7:08  Orbital Command  
  13  7:36  SCV x2  
  14  7:44  Marine  
  14  7:46  Marine  
  1  9:25  Orbital Command  
Show
View Real Time Build Order
Export as new Build Order

Fumannschuh Zerg 

Build Orders: 3 Hatch before Pool 

Get SALT Encoding   

  12  0:06  Drone  
  13  0:16  Drone  
  14  0:26  Extractor  
  14  0:27  Drone x2, Extractor  
  16  0:47  Hatchery  
  15  1:12  Hatchery  
  14  2:07  Spawning Pool  
  12  2:14  Drone x2  
  14  2:39  Drone x6  
  20  3:01  Spine Crawler  
  20  3:04  Spine Crawler x2  
  17  3:06  Queen  
  16  3:38  Zergling x12  
  22  4:12  Spine Crawler  
  21  4:18  Spine Crawler  
  20  4:40  Spine Crawler  
  20  4:53  Spine Crawler  
  20  4:55  Spine Crawler  
  18  5:08  Spine Crawler  
  17  5:17  Spore Crawler  
  16  5:23  Drone x2  
  14  5:53  Roach Warren  
  14  5:54  Extractor  
  14  5:55  Drone  
  11  6:42  Drone x4  
  11  6:43  Drone x3  
  18  7:10  Drone  
  18  7:11  Drone x5  
  24  7:51  Spine Crawler  
  21  7:53  Overlord x4  
  21  8:13  Extractor  
  21  8:16  Extractor  
  21  8:18  Extractor  
  18  8:22  Zergling x12, Spine Crawler  
  18  8:25  Queen  
  25  8:53  Lair  
  25  8:54  Drone  
  25  8:55  Drone x5  
  31  9:03  Zergling x4  
  31  9:06  Zergling x2  
  34  9:36  Drone x6  
Tags
 
Add a new tag
Caveats
  • Supply blocks, unpowered buildings, or Contaminate may cause inaccurate times.
  • Supply counts are checked every 10 seconds.